 Dungeon Crawl Stone Soup version 0.30-a0-949-g53dc5368d7 (webtiles) character file.

Game seed: 8206168157153961554

264 Iniera the Conjurer (level 5, -1/35 HPs)
             Began as a Demonspawn Conjurer on Mar 27, 2023.
             Slain by a killer bee (4 damage)
             ... on level 3 of the Dungeon.
             The game lasted 00:04:18 (3216 turns).

Iniera the Conjurer (Demonspawn Conjurer)           Turns: 3216, Time: 00:04:19

Health: -1/35      AC:  2    Str:  7    XL:     5   Next: 98%
Magic:  10/10      EV: 12    Int: 22    God:
Gold:   100        SH:  0    Dex: 11    Spells: 4/11 levels left

rFire   . . .      SeeInvis .    e - +0 flail (drain)
rCold   . . .      Faith    .    (no shield)
rNeg    . . .      Spirit   .    a - +0 robe
rPois   .          Reflect  .    (no helmet)
rElec   .          Rampage  .    (no cloak)
rCorr   .                        (no gloves)
Will    .....                    (no boots)
Stlth   ++                       (no amulet)
HPRegen 0.25/turn                (no ring)
MPRegen 0.12/turn                (no ring)

@: lethally poisoned (-1 -> -4)
A: hooves 2
a: no special abilities


You were on level 3 of the Dungeon.
You visited 1 branch of the dungeon, and saw 4 of its levels.

You collected 100 gold pieces.

Inventory:

Hand Weapons
 c - a +2 dagger of venom
 e - a +0 flail of draining (weapon)
Armour
 a - a +0 robe (worn)
Jewellery
 k - a ring of see invisible
Wands
 l - a wand of paralysis (3)
Scrolls
 d - a scroll of fog {unknown}
 h - a scroll of enchant weapon {unknown}
 i - 2 scrolls of amnesia {unknown}
 j - 2 scrolls of brand weapon
 m - a scroll of identify
Potions
 b - 2 potions of magic
 f - 2 potions of curing
 g - 2 potions of brilliance


   Skills:
 - Level 1.7 Dodging
 - Level 1.7 Stealth
 + Level 3.6 Spellcasting
 + Level 6.0 Conjurations
 + Level 1.1 Hexes
 + Level 1.0 Translocations


You had 4 spell levels left.
You knew the following spells:

 Your Spells              Type           Power      Damage    Failure   Level
a - Magic Dart            Conj           100%       1d8       1%          1
b - Searing Ray           Conj           60%        2d6       1%          2
c - Fulminant Prism       Conj/Hex       9%         3d7       26%         4

Your spell library contained the following spells:

 Spells                   Type           Power      Damage    Failure   Level
 Dazzling Flash           Conj/Hex       38%        N/A       8%          3
 Iskenderun's Mystic Bla  Conj/Tloc      19%        2d6       26%         4


Dungeon Overview and Level Annotations

Branches:
Dungeon (4/15)
 Temple: D:4-7

Altars:
Kikubaaqudgha
Okawaru
Ru
Xom


Innate Abilities, Weirdness & Mutations

You have hoof-like feet.


Message History

Your Conjurations skill increases to level 6!
Your Hexes skill increases to level 1!
Your Translocations skill increases to level 1!
You start resting.
Magic restored.
(D) Dungeon
Where to? (Enter - D:4, ? - help)
You climb downwards.
You hear the hiss of flowing sand.
There is an entrance to an ossuary on this level.
Hurry and find it before the portal is buried!
You hear the slow hiss of an avalanche of sand nearby.
The killer bee misses you. The killer bee completely misses you.
A killer bee comes into view.
The killer bee closely misses you.
The killer bee stings you but does no damage.
The killer bee barely misses you. The killer bee stings you!
You are poisoned.
The killer bee poisons you!
There is a stone staircase leading up, spattered with blood here.
You feel very sick.
The killer bee buzzes angrily.
The jackal barks!
The killer bee stings you but does no damage.
The killer bee barely misses you. The killer bee stings you.
The killer bee misses you.
You hear a bark!
You climb upwards.
You feel very sick.
There is a stone staircase leading down here.
Unknown command.
Unknown command.
Unknown command.
Unknown command.
You feel sick. The killer bee misses you. The killer bee stings you!
The killer bee closely misses you.
You feel sick. The killer bee stings you!
* * * LOW HITPOINT WARNING * * *
The killer bee barely misses you. The killer bee closely misses you.
The killer bee attacks as you move away!
The killer bee stings you.
You die...

#...............................
#.##.#.##########.##..#########.
#.#.###)####### #.........# #.
#..## ##......######..###.# #.
#...###)#####.#...........# #.
#..#.#.## #.#.####......# ##
#..##.## #.#>#####.##..######
##..##.### #.#yy...........)...
......>..#####.#@########..####.#
##..####......#..# #..# #... #..#
#.#####.#.# #..###..#
#..####.#####.#.# #..##....
##...............# #........
...#####.####.#### #..##...#
...##............# #........
...##.##.#######.########..#####.
.####......# #.................


You could see 2 killer bees.

Vanquished Creatures
  A killer bee (D:3)
  A hound (D:3)
  An orc priest (D:3)
  Jessica (D:2)
  An orc wizard (D:3)
  3 adders
  A gnoll (D:1)
  2 dart slugs
  5 orcs (D:3)
  6 endoplasms
  6 giant cockroaches
  7 goblins
  4 hobgoblins
  A quokka (D:2)
  9 ball pythons
  6 bats
  3 frilled lizards
  7 kobolds
  4 rats
69 creatures vanquished.

Notes
Turn   | Place    | Note
-------+----------+-------------------------------------------
     0 | D:1      | Iniera the Demonspawn Conjurer began the quest for the Orb.
     0 | D:1      | Reached XP level 1. HP: 13/13 MP: 3/3
   334 | D:1      | Gained mutation: You have large cloven feet. [demonic
                  | ancestry]
   334 | D:1      | Reached XP level 2. HP: 19/19 MP: 3/5
   558 | D:1      | Learned a level 2 spell: Searing Ray
   714 | D:1      | Reached skill level 5 in Conjurations
   714 | D:1      | Reached XP level 3. HP: 24/24 MP: 4/6
  1118 | D:2      | Noticed Jessica
  1125 | D:2      | Killed Jessica
  1446 | D:2      | Reached XP level 4. HP: 30/30 MP: 2/7
  1531 | D:2      | Learned a level 4 spell: Fulminant Prism
  2240 | D:3      | Gained mutation: You have hoof-like feet. [demonic
                  | ancestry]
  2240 | D:3      | Reached XP level 5. HP: 22/35 MP: 5/9
  2469 | D:3      | Found a shimmering altar of Xom.
  2864 | D:3      | Found a sacrificial altar of Ru.
  2864 | D:3      | Found a shimmering altar of Xom.
  2866 | D:3      | Found an iron altar of Okawaru.
  2866 | D:3      | Found an ancient bone altar of Kikubaaqudgha.
  2968 | D:3      | Found a sacrificial altar of Ru.
  3169 | D:3      | Reached skill level 6 in Conjurations
  3169 | D:3      | Reached skill level 1 in Hexes
  3169 | D:3      | Reached skill level 1 in Translocations
  3216 | D:3      | Slain by a killer bee

Illustrated notes

Levels and vault maps discovered:
D:1:      lemuel_arrival_rhombus, layout_basic
D:2:      layout_basic, kennysheep_small_spiral, uniq_jessica
D:3:      layout_loops_ring, lemuel_round_altar, doesnt_xom_only_xom
D:4:      layout_rooms, lemuel_crystal_altar, enter_ossuary_3

Skill      XL: |  1  2  3  4  5 |
---------------+----------------+-----
Conjurations   | 5 6 |  6.0
Spellcasting   | 3 |  3.6
Hexes          | 1 |  1.1
Translocations | 1 |  1.0
Dodging        | |  1.7
Stealth        | |  1.7

Action                     |  1- 3 |  4- 6 || total
---------------------------+-------+-------++-------
  Melee: Unarmed           |     5 |       ||     5
         Kick              |     2 |     5 ||     7
         Flail             |     4 |    15 ||    19
   Cast: Magic Dart        |    57 |    54 ||   111
         Searing Ray       |     2 |     5 ||     7
    Use: Scroll            |     1 |     3 ||     4
   Stab: Sleeping          |       |     1 ||     1
 Armour: Robe              |     3 |     6 ||     9
  Dodge: Dodged            |    19 |    34 ||    53

Table legend: (Time is in decaauts)
 A = Elapsed time spent in this place.
 B = Non-inter-level travel time spent in this place.
 C = Inter-level travel time spent in this place.
 D = Time resting spent in this place.
 E = Time spent auto-exploring this place.
 F = Levels seen in this place.
 G = Mean time per level.
                   A        B        C        D        E       F      G
               +--------+--------+--------+--------+--------+-----+--------+
         Total |   3223 |   3171 |     52 |    227 |   2604 |   4 |  805.8 |
       Dungeon |   3223 |   3171 |     52 |    227 |   2604 |   4 |  805.8 |
               +--------+--------+--------+--------+--------+-----+--------+

Top non-repeatable levels by time:
     D:2: 1258 daAuts
     D:3: 992 daAuts
     D:1: 926 daAuts
     D:4: 46 daAuts
